Map: Dusk Towers

Players

capac - Winner!

  • Race: Terran Terran
  • League: Gold

A.I. 1 (Elite)

  • Race: Protoss Protoss

VOD

Have the link to the VOD?

Description

Time

  • Played on: May 4, 2016, 1:05 p.m.
  • Length: 10:59
Show
View Real Time Build Order
Export as new Build Order

capac Terran - Winner!

Build Orders: Reaper Expand, MMM Bio 

Get SALT Encoding   

  12  0:01  SCV  
  13  0:13  SCV  
  14  0:19  Supply Depot  
  14  0:26  SCV  
  15  0:40  SCV  
  16  0:47  Barracks  
  16  0:53  Refinery  
  16  0:56  SCV  
  17  1:09  SCV  
  18  1:21  SCV  
  19  1:35  Orbital Command  
  19  1:37  Reaper  
  20  1:44  Command Center  
  20  1:54  Supply Depot  
  20  2:01  SCV  
  21  2:09  Marine  
  21  2:14  Factory  
  22  2:26  Barracks  
  22  2:27  SCV  
  22  2:29  Refinery  
  23  2:32  Barracks Reactor  
  23  2:42  SCV  
  24  2:54  SCV  
  24  2:58  Orbital Command  
  25  3:02  Factory Tech Lab  
  25  3:09  Starport  
  25  3:10  Marine x2  
  25  3:11  SCV  
  28  3:15  Barracks Tech Lab  
  28  3:23  SCV  
  28  3:25  SCV  
  30  3:28  Marine x2  
  32  3:35  Siege Tank, SCV  
  32  3:38  Marine  
  37  3:46  Marine x2  
  39  3:50  Supply Depot  
  39  3:54  SCV x2  
  41  3:59  Stimpack  
  41  4:02  Marauder  
  43  4:10  SCV x2  
  43  4:13  Refinery  
  43  4:16  Marine x2  
  47  4:19  Medivac  
  49  4:25  Supply Depot  
  50  4:34  Marauder  
  50  4:35  SCV x2  
  53  4:40  Marine  
  54  4:46  Marine  
  54  4:47  SCV x2  
  54  4:48  Supply Depot x2  
  54  4:51  Siege Tank  
  60  4:54  Starport Reactor  
  60  4:59  Marine, SCV  
  62  5:09  Refinery, Marine, SCV  
  62  5:11  Supply Depot  
  62  5:13  Command Center  
  64  5:16  Engineering Bay  
  64  5:17  SCV  
  64  5:20  Marine x2  
  67  5:24  SCV  
  68  5:29  Siege Tank  
  68  5:34  SCV  
  72  5:37  Medivac  
  72  5:38  Medivac  
  72  5:41  Marine x2  
  72  5:42  Marine  
  79  5:44  SCV  
  79  5:47  Supply Depot  
  80  5:53  Supply Depot  
  80  5:55  SCV  
  80  5:56  SCV  
  82  6:00  Marine x3, Liberator x2  
  85  6:15  Siege Tank  
  85  6:18  Marine x3  
  95  6:22  Supply Depot  
  95  6:24  SCV  
  98  6:26  Barracks  
  98  6:27  Orbital Command  
  98  6:32  SCV  
  99  6:39  Marine  
  99  6:40  Marine x2  
  102  6:48  SCV x2  
  104  6:58  Orbital Command  
  103  7:10  Marine  
  103  7:11  Marine x2  
  103  7:12  Medivac  
  103  7:13  Medivac  
  110  7:28  Liberator  
  110  7:29  Marauder, Liberator  
  112  7:41  Marine x2  
  112  7:43  Siege Tank  
  110  7:50  Marine  
  111  8:00  Combat Shields  
  105  8:13  Marine x3  
  109  8:27  SCV x2  
  109  8:28  SCV  
  109  8:31  Marine x3, Barracks Reactor  
  109  8:32  Barracks  
  114  8:39  SCV  
  114  8:40  Barracks  
  115  8:41  Barracks x2  
  115  9:06  Liberator x2  
  110  9:16  Marine x3  
  119  9:24  Barracks Reactor  
  119  9:34  Marine x4  
  119  9:35  Marauder  
  125  9:46  Supply Depot, Marine x3  
  125  9:47  Siege Tank  
  125  9:49  Supply Depot  
  125  9:51  Supply Depot  
  125  9:52  Marine x4  
  133  9:56  Supply Depot  
  134  10:04  Marine  
Show
View Real Time Build Order
Export as new Build Order

A.I. 1 (Elite) Protoss 

Build Orders: Zealot Archon 

Get SALT Encoding   

  12  0:01  Probe (Chrono Boost)  
  13  0:11  Probe (Chrono Boost)  
  14  0:20  Pylon  
  14  0:22  Probe (Chrono Boost)  
  15  0:38  Probe (Chrono Boost)  
  16  0:47  Assimilator  
  16  0:49  Probe (Chrono Boost), Gateway  
  17  0:59  Probe (Chrono Boost)  
  17  1:00  Pylon  
  18  1:10  Probe (Chrono Boost)  
  19  1:20  Probe (Chrono Boost)  
  20  1:31  Probe (Chrono Boost)  
  21  1:36  Zealot  
  21  1:39  Cybernetics Core  
  23  1:42  Probe (Chrono Boost)  
  25  1:54  Probe (Chrono Boost)  
  25  1:59  Nexus  
  25  2:05  Probe (Chrono Boost)  
  26  2:11  Warp Gate  
  27  2:16  Probe (Chrono Boost), Stalker  
  28  2:28  Probe (Chrono Boost)  
  29  2:31  Pylon  
  29  2:39  Probe (Chrono Boost)  
  29  2:49  Gateway  
  29  2:51  Probe (Chrono Boost), Assimilator  
  30  2:59  Adept  
  30  3:02  Probe (Chrono Boost)  
  33  3:11  Probe (Chrono Boost)  
  34  3:14  Probe (Chrono Boost), Pylon  
  35  3:22  Probe (Chrono Boost)  
  35  3:23  Adept  
  35  3:25  Probe (Chrono Boost)  
  40  3:34  Probe (Chrono Boost)  
  40  3:40  Adept, Robotics Facility  
  40  3:45  Probe (Chrono Boost)  
  40  3:48  Probe (Chrono Boost)  
  44  3:49  Adept  
  47  3:56  Probe (Chrono Boost)  
  47  3:59  Probe (Chrono Boost)  
  48  4:05  Adept  
  48  4:07  Probe (Chrono Boost)  
  48  4:08  Pylon  
  52  4:10  Probe (Chrono Boost)  
  52  4:18  Probe (Chrono Boost)  
  52  4:21  Probe (Chrono Boost)  
  54  4:24  Stalker  
  54  4:25  Immortal  
  54  4:30  Pylon  
  54  4:31  Probe (Chrono Boost)  
  61  4:33  Probe (Chrono Boost)  
  62  4:40  Stalker  
  62  4:42  Probe (Chrono Boost)  
  62  4:44  Probe (Chrono Boost)  
  66  4:48  Robotics Facility  
  66  4:50  Stalker  
  68  5:01  Probe (Chrono Boost), Immortal  
  68  5:03  Probe (Chrono Boost)  
  74  5:08  Pylon  
  74  5:11  Pylon  
  74  5:16  Stalker  
  74  5:20  Stalker  
  78  5:26  Twilight Council  
  78  5:37  Assimilator  
  78  5:38  Probe (Chrono Boost), Zealot  
  81  5:43  Probe (Chrono Boost), Assimilator  
  81  5:47  Pylon  
  82  5:53  Gateway  
  82  6:00  Probe x2 (Chrono Boost)  
  84  6:05  Zealot  
  84  6:07  Templar Archives  
  87  6:11  Probe (Chrono Boost)  
  87  6:12  Probe (Chrono Boost)  
  87  6:15  Pylon  
  88  6:25  Forge  
  88  6:27  Forge  
  88  6:33  Nexus  
  88  6:40  Sentry  
  88  6:45  Stalker  
  92  6:47  High Templar  
  92  6:50  Gateway  
  94  6:54  Pylon  
  94  6:56  Protoss Ground Weapons Level 1  
  94  7:00  Stalker  
  96  7:04  Pylon  
  96  7:06  High Templar  
  98  7:15  Observer  
  98  7:17  Zealot  
  98  7:19  Archon, Warp Prism  
  98  7:22  Photon Cannon  
  103  7:23  High Templar  
  103  7:25  Photon Cannon  
  103  7:29  Pylon  
  105  7:34  Pylon  
  105  7:36  Zealot  
  105  7:37  Sentry  
  83  7:44  Zealot  
  83  7:47  Probe x2 (Chrono Boost)  
  83  7:48  Probe (Chrono Boost)  
  70  7:54  Stalker  
  70  7:56  Zealot  
  70  7:58  Probe (Chrono Boost), High Templar  
  72  7:59  Probe (Chrono Boost)  
  72  8:00  Probe (Chrono Boost)  
  72  8:01  Assimilator  
  72  8:03  Zealot  
  64  8:09  Assimilator  
  64  8:10  Probe x2 (Chrono Boost)  
  64  8:11  Probe (Chrono Boost)  
  58  8:15  Stalker, Adept  
  60  8:21  Probe (Chrono Boost)  
  60  8:22  Stalker  
  60  8:23  Probe x2 (Chrono Boost)  
  59  8:30  Stalker  
  60  8:34  High Templar  
  60  8:37  Probe (Chrono Boost), Zealot  
  65  8:44  Probe (Chrono Boost)  
  65  8:45  Zealot  
  67  8:49  Probe (Chrono Boost)  
  67  8:52  High Templar  
  64  8:56  Stalker  
  66  9:04  Probe (Chrono Boost), Adept  
  66  9:05  Sentry  
  48  9:17  High Templar  
  48  9:23  Zealot, Adept  
  54  9:28  High Templar  
  56  9:37  Archon  
  50  9:42  Adept  
  50  9:43  Probe (Chrono Boost)  
  53  9:48  Zealot  
  46  9:55  Probe (Chrono Boost)  
  46  9:56  Probe (Chrono Boost)  
  46  9:59  Zealot  
  49  10:06  Stalker  
  48  10:07  Probe (Chrono Boost)  
  45  10:17  Zealot  
  47  10:27  High Templar  
  34  10:36  Adept  
  34  10:40  Probe (Chrono Boost)  
  32  10:55  Zealot  
Tags
 
Add a new tag
Caveats
  • Supply blocks, unpowered buildings, or Contaminate may cause inaccurate times.
  • Supply counts are checked every 10 seconds.